 Dungeon Crawl Stone Soup version 0.21.1-1-g345015f (webtiles) character file.

1961 Nexodas the Chiller (level 9, -1/59 HPs)
             Began as a Human Ice Elementalist on June 6, 2018.
             Was an Initiate of Vehumet.
             Slain by a two-headed ogre
             ... wielding a +0 giant spiked club
              (8 damage)
             ... on level 8 of the Dungeon on June 7, 2018.
             The game lasted 02:00:12 (6569 turns).

Nexodas the Chiller (Human Ice Elementalist)        Turns: 6569, Time: 02:00:13

Health: -1/59      AC: 20    Str:  5 (8)  XL:     9   Next: 42%
Magic:  5/18       EV: 12    Int: 19 (22) God:    Vehumet [......]
Gold:   401        SH:  0    Dex: 15 (16) Spells: 4/20 levels left

rFire    + . .     SeeInvis .   i - +3 short sword (holy)
rCold    x . .     Gourm    .   (no shield)
rNeg     . . .     Faith    .   m - +3 leather armour
rPois    +         Spirit   .   y - +0 helmet
rElec    +         Reflect  .   u - +0 cloak
rCorr    .         Harm     .   h - +1 pair of gloves
MR       .....                  x - +2 pair of boots
Stlth    ++........             F - amulet of rage
HPRegen  0.19/turn              k - +3 ring of intelligence
MPRegen  0.16/turn              L - ring of fire

@: icy armour (expiring), very slightly contaminated, slow
A: agile 1, poison resistance, electricity resistance
a: Renounce Religion, Evoke Berserk Rage


You were on level 8 of the Dungeon.
You worshipped Vehumet.
Vehumet was noncommittal.
You were not hungry.

You visited 2 branches of the dungeon, and saw 8 of its levels.

You collected 401 gold pieces.

Inventory:

Hand Weapons
 g - a +3 dagger
 i - a +3 short sword of holy wrath (weapon)
 t - a +3 quarterstaff of chaos
Missiles
 r - 77 arrows
Armour
 h - a +1 pair of gloves (worn)
 m - a +3 leather armour (worn)
 u - a +0 cloak (worn)
 x - a +2 pair of boots (worn)
 y - a +0 helmet (worn)
 N - a +1 shield of cold resistance
Magical Staves
 P - an uncursed staff of fire
Jewellery
 k - a +3 ring of intelligence (left hand)
 A - an uncursed ring of poison resistance
 F - an amulet of rage (around neck)
 L - a ring of fire (right hand)
Wands
 z - a wand of disintegration (10)
Scrolls
 a - a scroll of noise {unknown}
 d - a scroll of enchant armour
 E - a scroll of amnesia
 O - 2 scrolls of teleportation
Potions
 e - 2 potions of mutation
 l - 2 potions of lignification
 o - a potion of resistance
 s - 2 potions of flight
 B - a potion of curing
 D - 2 potions of magic
Books
 b - a book of Frost

   Spells                             Type                      Level
   a - Freeze                         Ice                          1
   b - Throw Frost                    Conjuration/Ice              2
   c - Ozocubu's Armour               Charms/Ice                   3
   d - Throw Icicle                   Conjuration/Ice              4
   e - Summon Ice Beast               Ice/Summoning                4
 p - a Young Poisoner's Handbook

   Spells                             Type                      Level
   a - Sting                          Conjuration/Poison           1
   b - Poisonous Vapours              Poison/Air                   2
   c - Mephitic Cloud                 Conjuration/Poison/Air       3
   d - Olgreb's Toxic Radiance        Poison                       4
   e - Venom Bolt                     Conjuration/Poison           5
 G - a book of Conjurations

   Spells                             Type                      Level
   a - Magic Dart                     Conjuration                  1
   b - Searing Ray                    Conjuration                  2
   c - Dazzling Spray                 Conjuration/Hexes            3
   d - Fulminant Prism                Conjuration/Hexes            4
   e - Force Lance                    Conjuration/Translocation    4
   f - Iskenderun's Mystic Blast      Conjuration                  4
 Q - a book of Debilitation

   Spells                             Type                      Level
   a - Corona                         Hexes                        1
   b - Slow                           Hexes                        2
   c - Inner Flame                    Hexes/Fire                   3
   d - Portal Projectile              Hexes/Translocation          3
   e - Cause Fear                     Hexes                        4
   f - Leda's Liquefaction            Hexes/Earth                  4
Comestibles
 c - 14 rations
 f - a chunk of flesh


   Skills:
 + Level 1.0 Fighting
 - Level 2.4 Short Blades
 + Level 2.2 Armour
 + Level 2.8 Dodging
 + Level 4.2 Stealth
 + Level 6.2 Spellcasting
 + Level 2.6 Conjurations
 + Level 1.8 Charms
 + Level 7.6 Ice Magic
 + Level 0.8 Evocations


You had 4 spell levels left.
You knew the following spells:

 Your Spells              Type           Power        Failure   Level  Hunger
a - Freeze                Ice            ####         1%          1    None
b - Throw Frost           Conj/Ice       ####..       3%          2    None
c - Ozocubu's Armour      Chrm/Ice       ###.....     8%          3    ##.....
d - Searing Ray           Conj           ###...       9%          2    None
e - Throw Icicle          Conj/Ice       ####....     22%         4    ####...
f - Summon Ice Beast      Ice/Summ       ###.....     34%         4    ####...


Dungeon Overview and Level Annotations

Branches:
Dungeon (6/15)             Temple (1/1) D:5

Altars:
Ashenzari
Cheibriados
Dithmenos
Elyvilon
Fedhas
Gozag
Hepliaklqana
Kikubaaqudgha
Makhleb
Nemelex Xobeh
Okawaru
Qazlal
Ru
Sif Muna
Trog
Uskayaw
Vehumet
Wu Jian
Xom
Yredelemnul
Zin
The Shining One

Shops:
D:8 %

Annotations:
D:3 Natasha


Innate Abilities, Weirdness & Mutations

You are agile. (Dex +2)
Your system is resistant to poisons. (rPois)
You are resistant to electric shocks. (rElec)


Message History

The hippogriff barely misses you. x2
The two-headed ogre hits you with a giant spiked club!
* * * LOW HITPOINT WARNING * * *
The two-headed ogre completely misses you.
The hippogriff bites you but does no damage.
The hippogriff barely misses you. The hippogriff completely misses you.
There is an open door here.
As you read the scroll of fog, it crumbles to dust.
The scroll dissolves into smoke.
The hippogriff bites you but does no damage.
The hippogriff pecks you but does no damage.
The hippogriff misses you.
The two-headed ogre hits you with a giant spiked club.
* * * LOW HITPOINT WARNING * * *
The two-headed ogre misses you.
There is an open door here.
Your icy armour starts to melt.
You feel a little less agile now.
The two-headed ogre hits you with a giant spiked club!
You die...

########## ########
#####........# .......#
#...#........# .......#
#...@........# .......#
#...#OH......# .......#
#...#§...§§..# .......###
#...#§§§§§§..#
..####⌠.⌠########§§§§§§..#
(.####.∩...#....##§#######
......⌠.⌠..#....#§§§#
.......(...'....#...#
...........#....#...#


You could see a two-headed ogre and a hippogriff.

Vanquished Creatures
  Grinder (D:4)
  Prince Ribbit (D:5)
  Sigmund (D:4)
  A wyvern (D:8)
  A sky beast (D:5)
  3 phantoms
  A centaur (D:5)
  2 bullfrogs
  3 scorpions
  2 crimson imps
  A hound (D:5)
  A jelly (D:5)
  Crazy Yiuf (D:2)
  2 orc wizards (D:5)
  9 worker ants
  7 adders
  An ooze (D:1)
  2 adder skeletons
  A worm (D:4)
  2 dart slugs
  A leopard gecko (D:8)
  7 orcs
  A ball python (D:5)
  5 giant cockroaches
  5 goblins
  2 hobgoblins
  3 jackals (D:4)
  2 quokkas (D:6)
  A ball python skeleton (D:4)
  A bat (D:3)
  3 frilled lizards
  5 kobolds
  2 rats
  2 fungi (D:3)
83 creatures vanquished.

Notes
Turn   | Place    | Note
-------+----------+-------------------------------------------
     0 | D:1      | Nexodas the Human Ice Elementalist began the quest for the Orb.
     0 | D:1      | Reached XP level 1. HP: 13/13 MP: 3/3
   158 | D:1      | Reached XP level 2. HP: 19/19 MP: 1/5
   766 | D:2      | Found a sacrificial altar of Ru.
   829 | D:2      | Learned a level 2 spell: Throw Frost
   950 | D:2      | Reached XP level 3. HP: 23/24 MP: 2/6
  1252 | D:2      | Reached skill level 4 in Ice Magic
  1252 | D:2      | Reached XP level 4. HP: 18/30 MP: 0/7
  1477 | D:2      | Learned a level 3 spell: Ozocubu's Armour
  1608 | D:2      | Reached XP level 5. HP: 35/35 MP: 1/9
  1840 | D:2      | Found a runed door.
  1844 | D:2      | Noticed Crazy Yiuf
  1853 | D:2      | Killed Crazy Yiuf
  2139 | D:3      | Noticed Natasha
  2370 | D:3      | Found a snail-covered altar of Cheibriados.
  2598 | D:3      | Gained mutation: Your system is resistant to poisons. (rPois) [potion of mutation]
  2598 | D:3      | Gained mutation: You are agile. (Dex +2) [potion of mutation]
  2598 | D:3      | Gained mutation: You are resistant to electric shocks. (rElec) [potion of mutation]
  2829 | D:4      | Noticed a phantom
  2905 | D:4      | Reached XP level 6. HP: 32/41 MP: 3/11
  2965 | D:4      | Noticed Grinder
  3140 | D:4      | Killed a phantom
  3140 | D:4      | Reached skill level 5 in Ice Magic
  3140 | D:4      | Reached XP level 7. HP: 13/46 MP: 1/13
  3549 | D:4      | Noticed Sigmund
  3593 | D:4      | Killed Sigmund
  3593 | D:4      | Reached skill level 1 in Short Blades
  3593 | D:4      | Reached skill level 1 in Armour
  3863 | D:5      | Entered Level 5 of the Dungeon
  4051 | D:5      | Noticed Prince Ribbit
  4262 | D:5      | Reached XP level 8. HP: 53/53 MP: 3/15
  4310 | D:5      | Found a staircase to the Ecumenical Temple.
  4319 | Temple   | Entered the Ecumenical Temple
  4769 | Temple   | Became a worshipper of Vehumet
  4948 | D:5      | Reached skill level 1 in Charms
  5007 | D:5      | Reached skill level 6 in Ice Magic
  5008 | D:5      | Reached skill level 5 in Spellcasting
  5327 | D:5      | Killed Prince Ribbit
  5566 | D:4      | Paralysed by Grinder for 4 turns
  5572 | D:4      | Paralysed by Grinder for 6 turns
  5586 | D:4      | Paralysed by Grinder for 2 turns
  5591 | D:4      | Paralysed by Grinder for 5 turns
  5596 | D:4      | Killed Grinder
  5596 | D:4      | Reached XP level 9. HP: 58/58 MP: 14/17
  5771 | D:6      | Reached skill level 7 in Ice Magic
  5831 | D:6      | Learned a level 2 spell: Searing Ray
  5857 | D:6      | Learned a level 4 spell: Throw Icicle
  5862 | D:6      | Learned a level 4 spell: Summon Ice Beast
  6070 | D:6      | Found a shimmering altar of Xom.
  6071 | D:6      | Found a shimmering altar of Xom.
  6072 | D:6      | Found a shimmering altar of Xom.
  6073 | D:6      | Found a shimmering altar of Xom.
  6083 | D:6      | You fall through a shaft for 2 floors!
  6114 | D:8      | Identified a scroll of acquirement
  6182 | D:8      | Found Puech's Food Shoppe.
  6232 | D:8      | Reached skill level 1 in Fighting
  6426 | D:8      | Noticed a hippogriff
  6538 | D:8      | Noticed a two-headed ogre
  6569 | D:8      | Slain by a two-headed ogre

Skill      XL: |  1  2  3  4  5  6  7  8  9 |
---------------+----------------------------+-----
Ice Magic      | 4 5 6 7 |  7.6
Spellcasting   | 3 4 5 6 |  6.2
Conjurations   | 2 |  2.6
Stealth        | 3 4 |  4.2
Short Blades   | 1 2 |  2.4
Armour         | 1 2 |  2.2
Charms         | 1 |  1.8
Fighting       | 1 |  1.0
Dodging        | |  2.8
Evocations     | |  0.8

Action                   |  1- 3 |  4- 6 |  7- 9 || total
-------------------------+-------+-------+-------++-------
Melee: Dagger            |     7 |       |     9 ||    16
       Short sword       |     4 |    49 |    81 ||   134
       Quarterstaff      |       |    42 |       ||    42
 Cast: Freeze            |    20 |    43 |    81 ||   144
       Throw Frost       |     2 |    11 |    21 ||    34
       Ozocubu's Armour  |       |     3 |     9 ||    12
       Throw Icicle      |       |       |     3 ||     3
       Searing Ray       |       |       |     3 ||     3
 Abil: Evoke Berserk Rag |       |       |     1 ||     1
Evoke: Wand              |       |       |     3 ||     3
  Use: Scroll            |     9 |     2 |     8 ||    19
       Potion            |       |     5 |     7 ||    12
 Stab: Sleeping          |     2 |       |     5 ||     7
  Eat: Ration            |     1 |     1 |     3 ||     5
       Chunk             |       |     2 |     2 ||     4
Armor: Robe              |     4 |       |       ||     4
       Leather armour    |     1 |    35 |    99 ||   135
Dodge: Dodged            |    15 |    79 |   112 ||   206
